 Dungeon Crawl Stone Soup version 0.22.0-75-g3901e7991e (webtiles) character file.

11 Revguard the Conjurer (level 2, -1/13 HPs)
             Began as a Vine Stalker Conjurer on Sept 15, 2018.
             Slain by a hobgoblin
             ... wielding a +0 club
              (2 damage)
             ... on level 1 of the Dungeon.
             The game lasted 00:03:22 (494 turns).

Revguard the Conjurer (Vine Stalker Conjurer)        Turns: 494, Time: 00:03:23

Health: -1/13      AC:  2    Str: 10    XL:     2   Next: 29%
Magic:  0/6        EV: 12    Int: 15    God:
Gold:   60         SH:  0    Dex: 14    Spells: 2/5 levels left

rFire    . . .     SeeInvis .   e - +0 club
rCold    . . .     Gourm    .   (no shield)
rNeg     . . .     Faith    .   a - +0 robe
rPois    .         Spirit   +   (no helmet)
rElec    .         Reflect  .   (no cloak)
rCorr    .         Harm     .   (no gloves)
MR       +....                  (no boots)
Stlth    ++........             (no amulet)
HPRegen  0.04/turn              f - ring of protection from magic
MPRegen  0.10/turn              (no ring)

@: no status effects
A: fangs 2, magic shield, antimagic bite, no potion heal 3, rot immunity
a: no special abilities


You were on level 1 of the Dungeon.
You were not hungry.

You visited 1 branch of the dungeon, and saw 1 of its levels.

You collected 60 gold pieces.

Inventory:

Hand Weapons
 e - a +0 club (weapon)
Armour
 a - a +0 robe (worn)
Jewellery
 f - a ring of protection from magic (left hand)
Scrolls
 b - a scroll of blinking {unknown}
 d - a scroll of teleportation {unknown}
Potions
 g - a potion of brilliance {unknown}
Comestibles
 c - a ration


   Skills:
 * Level 0.3 Maces & Flails
 + Level 1.5 Dodging
 + Level 2.7 Stealth
 + Level 2.2 Spellcasting
 + Level 4.3 Conjurations


You had 2 spell levels left.
You knew the following spells:

 Your Spells              Type           Power        Failure   Level  Hunger
a - Magic Dart            Conj           ##..         3%          1    #......
b - Searing Ray           Conj           ##....       5%          2    ###....

Your spell library contained the following spells:

 Spells                   Type           Power        Failure   Level  Hunger
 Dazzling Spray           Conj/Hex       #.....       26%         3    ###....
 Iskenderun's Mystic Bla  Conj           ##......     36%         4    #####..
 Force Lance              Conj/Tloc      #.......     65%         4    #####..
 Fulminant Prism          Conj/Hex       #.........   65%         4    #####..


Dungeon Overview and Level Annotations

Branches:
Dungeon (1/15)

Altars:


Innate Abilities, Weirdness & Mutations

You have extremely sharp teeth.
When hurt, damage is shared between your health and your magic reserves.
Your bite disrupts and absorbs the magic of your enemies.
Potions cannot restore your health.
You are immune to rotting.


Message History

You see here a robe.
Found a stone staircase leading down.
Found 19 sling bullets.
A hobgoblin comes into view. It is wielding a club.
Found 18 bolts.
A hobgoblin is nearby!
The hobgoblin shouts!
You hear a shout!
Found a ration.
The hobgoblin completely misses you.
You hit the hobgoblin but do no damage. Your bite misses the hobgoblin.
The hobgoblin hits you with a club.
You barely miss the hobgoblin. The hobgoblin closely misses you.
A kobold comes into view. It is wielding a dagger.
You hit the hobgoblin but do no damage. The hobgoblin hits you with a club!
You hit the hobgoblin. Your bite misses the hobgoblin.
The hobgoblin is moderately wounded.
The hobgoblin hits you with a club.
* * * LOW HITPOINT WARNING * * *
The hobgoblin hits you with a club.
You die...

...... ...... ...... %..(.
... ####.######.### ##
#.....K@g...... . #####
#.##..############# ####
#...# #>.........[.......
....
#.#.############.#.#######
#### #.#..............#.#
#### #.#############..#.#
.... #.# ###..#†# ####
#.####### #....#.#
#.......# #.#.##.# ###


You could see a hobgoblin and a kobold.

Vanquished Creatures
  2 bats (D:1)
  A giant cockroach (D:1)
  2 goblins (D:1)
  2 hobgoblins (D:1)
  2 frilled lizards (D:1)
  A kobold (D:1)
  A rat (D:1)
11 creatures vanquished.

Notes
Turn   | Place    | Note
-------+----------+-------------------------------------------
     0 | D:1      | Revguard the Vine Stalker Conjurer began the quest for the
                  | Orb.
     0 | D:1      | Reached XP level 1. HP: 9/9 MP: 4/4
   347 | D:1      | Reached XP level 2. HP: 9/13 MP: 0/6
   361 | D:1      | Learned a level 2 spell: Searing Ray
   494 | D:1      | Slain by a hobgoblin

Action                   || total
-------------------------++-------
Melee: Club              ||    26
       Bite              ||     4
       Unarmed           ||     3
 Cast: Magic Dart        ||     9
       Searing Ray       ||     1
Armor: Robe              ||    15
Dodge: Dodged            ||    28
